Map: Azurfälle LE

Players

kiserlodski

  • Race: Terran Terran
  • League: Master
  • Spawn Location: 7:00

MaBz - Winner!

  • Race: Protoss Protoss
  • League: Master
  • Spawn Location: 1:00

VOD

Have the link to the VOD?

Description

Time

  • Played on: Aug. 18, 2018, 10:21 p.m.
  • Length: 14:57
Show
View Real Time Build Order
Export as new Build Order

kiserlodski Terran 

Build Orders: MMM Bio 

Get SALT Encoding   

  12  0:00  SCV  
  13  0:12  SCV  
  14  0:17  Supply Depot  
  14  0:24  SCV  
  14  0:28  Refinery  
  15  0:39  SCV  
  16  0:45  Barracks  
  16  0:51  SCV  
  17  1:03  SCV  
  18  1:08  Barracks  
  18  1:12  Refinery  
  18  1:26  SCV  
  19  1:32  Marine  
  20  1:46  Bunker  
  20  1:52  Marine  
  20  1:54  Supply Depot  
  20  2:00  Marine  
  20  2:03  Supply Depot  
  20  2:17  Marine  
  20  2:30  Factory  
  20  2:47  Marine  
  20  2:49  Orbital Command  
  21  2:55  Marine  
  22  3:05  Marine  
  22  3:15  Cyclone  
  25  3:20  Barracks Tech Lab  
  25  3:22  SCV  
  26  3:34  SCV  
  26  3:35  Barracks Reactor  
  26  3:38  Starport  
  27  3:46  SCV  
  28  3:58  Marauder  
  29  4:08  SCV  
  30  4:11  Marine, Supply Depot  
  31  4:33  Marine x2, SCV, Medivac, Cyclone  
  39  4:42  Supply Depot  
  39  4:52  Stimpack  
  39  5:03  Marine x2, SCV  
  39  5:04  Engineering Bay, Marauder  
  44  5:07  Supply Depot  
  44  5:15  SCV  
  44  5:16  Medivac  
  48  5:36  Marauder  
  48  5:37  SCV  
  45  6:10  SCV  
  46  6:13  Marine x2  
  46  6:14  Marauder  
  49  6:22  SCV  
  49  6:31  Marine  
  45  6:34  SCV  
  45  6:35  Marauder  
  42  6:42  Command Center  
  42  6:46  SCV  
  43  6:48  Marine  
  43  6:49  Marine  
  45  6:55  Terran Infantry Weapons Level 1, Missile Turret, Starport Reactor  
  45  6:56  Concussive Shells  
  45  6:58  Marauder  
  47  7:04  SCV  
  47  7:06  Marine  
  49  7:09  Supply Depot  
  49  7:12  Marine  
  50  7:18  SCV  
  50  7:19  Marauder  
  53  7:24  Marine  
  54  7:30  Marine, SCV  
  54  7:32  Medivac  
  54  7:35  Medivac  
  60  7:39  Combat Shields  
  59  7:54  Marine x3  
  62  8:02  Barracks  
  62  8:04  SCV  
  63  8:09  Missile Turret  
  63  8:16  Marauder  
  65  8:26  Orbital Command  
  65  8:31  Supply Depot  
  65  8:34  SCV  
  66  8:40  Marine  
  67  8:46  SCV  
  68  8:48  Marine  
  68  8:49  Marauder  
  68  8:50  Barracks Reactor  
  71  8:55  Terran Infantry Armor Level 1  
  71  8:56  Supply Depot  
  71  8:58  SCV x2  
  73  9:10  SCV  
  46  9:31  Marine x2  
  46  9:32  Marine x2, Marauder  
  46  9:33  SCV  
  46  9:34  SCV  
  47  9:42  Medivac x2  
  47  9:44  Command Center  
  51  9:45  SCV  
  51  9:46  SCV  
  51  9:49  Marine x3  
  56  9:53  Barracks  
  56  9:54  Marauder  
  56  9:57  Marine  
  59  10:02  Refinery  
  59  10:07  Marine x2  
  59  10:08  Marine  
  59  10:13  Armory  
  62  10:14  SCV  
  62  10:15  Marine, Marauder, SCV  
  62  10:18  Refinery  
  67  10:25  Marine, Barracks  
  67  10:27  Marine  
  67  10:28  Barracks  
  69  10:32  Marine  
  69  10:34  Marine  
  71  10:36  Marauder  
  71  10:37  Medivac  
  71  10:40  Medivac  
  53  10:58  Marauder  
  53  11:03  Marine  
  53  11:04  Marine x4  
  50  11:13  SCV  
  50  11:14  SCV  
  51  11:19  Marauder  
  51  11:22  Marine  
  54  11:25  SCV  
  54  11:26  SCV  
  56  11:34  Orbital Command  
  56  11:41  Marauder  
  56  11:43  Marine  
  56  11:44  Marine x4  
  59  11:50  Barracks Reactor x2  
  56  11:58  SCV x2  
  56  12:00  SCV  
  59  12:01  Marine x2  
  59  12:02  Marauder  
  63  12:09  Medivac  
  63  12:11  Engineering Bay  
  63  12:15  Terran Infantry Weapons Level 2  
  65  12:19  SCV x2  
  65  12:21  Marine  
  68  12:23  Marauder  
  68  12:27  Marine x2  
  68  12:28  Barracks Tech Lab  
  72  12:30  Marine  
  72  12:31  Marine  
  72  12:36  Marine x2  
  76  12:37  Marine  
  76  12:39  Marine, SCV  
  79  12:45  Marauder  
  79  12:47  SCV  
  79  12:48  SCV  
  79  12:51  Marine, Marauder  
  86  12:52  Marine  
  86  12:54  Marine  
  86  12:55  Marine x2  
  86  12:58  Marine  
  91  12:59  Marine  
  91  13:00  Marine  
  91  13:02  SCV  
  91  13:03  SCV  
  91  13:04  SCV  
  96  13:10  Marine x2  
  96  13:11  Marauder  
  96  13:12  Marine  
  101  13:13  Medivac  
  101  13:15  Medivac  
  101  13:17  Factory Tech Lab  
  105  13:21  Marine x2, Marauder  
  109  13:30  Supply Depot  
  109  13:46  Supply Depot  
  109  13:50  Supply Depot  
  109  13:52  Marine x4, Marauder, SCV x2  
  109  13:54  Supply Depot  
  117  13:58  SCV  
  117  13:59  Medivac  
  117  14:00  Medivac  
  77  14:14  Marine x2  
  77  14:15  Marine x3  
  77  14:16  Marine x3, Marauder x2  
  52  14:32  Marine x4  
Show
View Real Time Build Order
Export as new Build Order

MaBz Protoss - Winner!

Build Orders:  

Get SALT Encoding   

  12  0:01  Probe  
  13  0:13  Probe  
  14  0:17  Pylon  
  14  0:25  Probe  
  15  0:35  Probe, Forge  
  16  0:43  Probe  
  17  0:53  Probe  
  18  1:02  Pylon  
  18  1:21  Photon Cannon  
  18  1:25  Pylon  
  18  1:36  Photon Cannon  
  18  1:42  Gateway  
  18  1:45  Pylon  
  18  1:58  Probe  
  18  2:03  Assimilator  
  18  2:06  Probe  
  18  2:07  Assimilator  
  18  2:15  Probe  
  20  2:29  Nexus  
  20  2:33  Pylon  
  20  2:35  Zealot  
  20  2:36  Probe  
  23  2:53  Probe  
  23  2:57  Cybernetics Core  
  24  3:05  Probe  
  23  3:17  Probe  
  24  3:25  Pylon  
  24  3:29  Probe  
  25  3:34  Stargate  
  25  3:38  Photon Cannon, Probe  
  26  3:41  Probe, Warp Gate  
  26  3:46  Probe  
  28  4:07  Probe x2  
  28  4:09  Stargate  
  28  4:12  Gateway  
  28  4:14  Photon Cannon  
  28  4:16  Photon Cannon  
  29  4:19  Probe  
  29  4:22  Gateway  
  30  4:27  Shield Battery  
  30  4:30  Shield Battery  
  30  4:33  Probe  
  30  4:34  Probe  
  32  4:44  Probe, Phoenix  
  32  4:48  Probe, Pylon  
  36  4:54  Probe  
  37  5:00  Probe  
  37  5:01  Stalker  
  37  5:06  Probe  
  41  5:11  Gateway  
  41  5:12  Probe  
  42  5:19  Phoenix  
  42  5:20  Probe  
  45  5:24  Probe  
  46  5:31  Pylon  
  46  5:32  Probe  
  47  5:38  Probe  
  47  5:41  Assimilator  
  48  5:43  Assimilator  
  48  5:45  Phoenix  
  48  5:46  Stalker  
  48  5:48  Stalker  
  49  6:09  Stalker x2  
  49  6:19  Stalker  
  41  6:33  Probe x2  
  41  6:38  Phoenix  
  41  6:39  Stalker x2  
  49  6:41  Probe  
  49  6:45  Probe  
  51  6:47  Protoss Ground Weapons Level 1  
  51  6:49  Probe  
  52  6:57  Probe  
  52  6:59  Probe  
  53  7:03  Adept x3, Phoenix  
  62  7:09  Pylon  
  62  7:10  Pylon  
  62  7:27  Probe x2  
  62  7:28  Phoenix  
  66  7:35  Nexus  
  62  7:54  Phoenix  
  62  7:56  Probe  
  62  7:57  Probe  
  64  8:02  Twilight Council  
  64  8:03  Gateway  
  64  8:05  Gateway  
  64  8:08  Probe  
  64  8:09  Probe  
  64  8:10  Pylon, Sentry  
  64  8:11  Sentry  
  64  8:12  Void Ray, Sentry  
  72  8:20  Probe  
  72  8:26  Charge  
  77  8:30  Pylon  
  77  8:33  Shield Battery  
  77  8:36  Adept  
  77  8:37  Shield Battery  
  77  8:38  Protoss Ground Weapons Level 2  
  77  8:40  Adept  
  81  8:43  Zealot  
  81  8:48  Probe x2  
  84  8:51  Probe  
  86  8:57  Phoenix  
  88  9:07  Probe x3  
  91  9:14  Zealot x2  
  85  9:21  Zealot x2  
  77  9:26  Zealot  
  75  9:36  Probe  
  75  9:39  Zealot x2  
  75  9:40  Probe x2  
  75  9:42  Assimilator  
  82  9:47  Phoenix, Assimilator  
  82  9:51  Probe  
  82  9:52  Probe x2  
  86  9:56  Zealot x2  
  86  9:57  Zealot  
  93  10:04  Zealot  
  93  10:05  Zealot  
  97  10:12  Phoenix  
  99  10:16  Templar Archives, Zealot x3  
  99  10:20  Zealot  
  107  10:25  Probe  
  108  10:35  Nexus  
  108  10:42  Phoenix  
  88  10:58  Protoss Ground Weapons Level 3  
  80  11:11  Phoenix  
  80  11:16  Probe  
  79  11:28  Psionic Storm  
  77  11:33  Zealot x2  
  77  11:34  Zealot x3  
  77  11:36  Phoenix  
  77  11:38  Gateway  
  87  11:40  Gateway  
  87  11:42  Gateway  
  87  11:44  Gateway  
  87  12:00  Zealot x5  
  97  12:01  Probe x3  
  97  12:02  Probe  
  97  12:04  Phoenix  
  103  12:13  Pylon  
  103  12:14  Pylon x2  
  103  12:16  Pylon  
  103  12:19  Pylon  
  103  12:21  High Templar x5  
  113  12:25  Archon x2  
  113  12:31  Phoenix  
  115  12:38  High Templar  
  115  12:39  High Templar x3  
  115  12:41  Probe  
  115  12:42  Probe x2  
  115  12:43  Assimilator  
  126  12:47  Assimilator  
  126  12:49  Photon Cannon  
  126  12:52  Photon Cannon, Pylon  
  126  12:54  Pylon x2, Zealot x3  
  126  12:55  Zealot x2  
  136  12:58  Phoenix  
  138  13:08  Probe x2, Robotics Facility  
  138  13:09  Probe  
  141  13:13  Fleet Beacon  
  141  13:15  High Templar  
  141  13:16  High Templar x2  
  141  13:18  Zealot x3  
  153  13:20  Archon  
  153  13:21  High Templar  
  153  13:22  Zealot  
  153  13:23  Zealot  
  153  13:25  Archon  
  159  13:31  Phoenix  
  161  13:55  Nexus  
  161  13:56  Phoenix  
  107  14:15  Archon  
  97  14:29  Zealot x9  
Tags
 
Composition
MMM Bio
Matchup
PvT
Spawn Locations
Cross Positions
Add a new tag
Caveats
  • Supply blocks, unpowered buildings, or Contaminate may cause inaccurate times.
  • Supply counts are checked every 10 seconds.